 Dungeon Crawl Stone Soup version 0.27-a0-1200-g94dc6ad4cf (webtiles) character file.

Game seed: 14165238345364891313

132 siradein the Chucker (level 4, 0/44 HPs)
             Began as a Troll Hunter on June 1, 2021.
             Slain by a black bear (2 damage)
             ... on level 5 of the Dungeon.
             The game lasted 00:04:12 (3338 turns).

siradein the Chucker (Troll Hunter)                 Turns: 3338, Time: 00:04:12

Health: 0/44       AC:  4    Str: 21    XL:     4   Next: 92%
Magic:  3/3        EV: 14    Int:  7    God:
Gold:   214        SH:  0    Dex: 16    Spells: 3/3 levels left

rFire    . . .     SeeInvis .     - Unarmed
rCold    . . .     Faith    .   (no shield)
rNeg     . . .     Spirit   .   b - +0 robe
rPois    .         Reflect  .   (helmet restricted)
rElec    .         Harm     .   l - scarf {shadows}
rCorr    .         Rampage  .   (gloves unavailable)
Will     .....                  (boots unavailable)
Stlth    ++........             (no amulet)
HPRegen  1.14/turn              j - +6 ring of dexterity
MPRegen  0.08/turn              s - +4 ring of evasion

@: no status effects
A: large, unfitting armour, claws 3, regeneration 1, shaggy fur 1, tough skin 1
a: no special abilities


You were on level 5 of the Dungeon.
You visited 1 branch of the dungeon, and saw 5 of its levels.

You collected 214 gold pieces.

Inventory:

Hand Weapons
 q - a +0 hunting sling
Missiles
 c - 9 large rocks (quivered)
 d - 2 throwing nets
 e - 101 stones
 g - 6 javelins
Armour
 b - a +0 robe (worn)
 l - a scarf of shadows (worn)
Jewellery
 j - a +6 ring of dexterity (left claw)
 k - a ring of resist corrosion
 s - a +4 ring of evasion (right claw)
 y - a ring of wizardry
Wands
 r - a wand of iceblast (7)
Scrolls
 f - a scroll of acquirement {unknown}
 h - 2 scrolls of amnesia {unknown}
 n - a scroll of teleportation {unknown}
 p - 3 scrolls of identify {unknown}
 t - a scroll of noise {unknown}
 v - 2 scrolls of enchant armour {unknown}
Potions
 a - a potion of curing {unknown}
 i - 2 potions of brilliance {unknown}
 m - 2 potions of attraction {unknown}
 o - a potion of magic {unknown}
 u - a potion of berserk rage {unknown}
 w - a potion of heal wounds {unknown}
 x - a potion of lignification {unknown}
 z - a potion of ambrosia {unknown}
 A - a potion of degeneration {unknown}


   Skills:
 + Level 2.4 Fighting
 + Level 4.2 Throwing
 + Level 2.4 Dodging
 - Level 0.3 Stealth
 + Level 2.1 Unarmed Combat


You had 3 spell levels left.
You didn't know any spells.
Your spell library contained the following spells:

 Spells                   Type           Power      Damage    Failure   Level
 Corona                   Hex            0%         N/A       43%         1
 Ensorcelled Hibernation  Hex/Ice        0%         N/A       56%         2
 Confusing Touch          Hex            0%         N/A       80%         3
 Dazzling Flash           Conj/Hex       0%         N/A       80%         3
 Tukima's Dance           Hex            0%         N/A       80%         3


Dungeon Overview and Level Annotations

Branches:
Dungeon (5/15)
 Temple: D:4-7

Altars:
Kikubaaqudgha
Uskayaw

Shops:
D:4 :


Innate Abilities, Weirdness & Mutations

You are too large for most types of armour.
You have claws for hands.
Your natural rate of healing is unusually fast.
You are covered in fur. (AC +1)
You have tough skin. (AC +1)


Message History

The black bear closely misses you.
You barely miss the black bear.
The black bear is severely wounded.
The black bear misses you. The black bear barely misses you.
The black bear claws you.
The black bear bites you but does no damage.
The black bear claws you but does no damage.
The black bear closely misses you.
You barely miss the black bear.
The black bear is severely wounded.
The black bear bites you! The black bear barely misses you.
The black bear claws you but does no damage.
You scratch the black bear but do no damage.
The black bear is severely wounded.
The black bear barely misses you. The black bear misses you.
The black bear barely misses you. The black bear bites you.
* * * LOW HITPOINT WARNING * * *
The black bear misses you. The black bear closely misses you.
You scratch the black bear but do no damage.
The black bear is severely wounded.
The black bear bites you.
* * * LOW HITPOINT WARNING * * *
The black bear claws you.
* * * LOW HITPOINT WARNING * * *
The black bear closely misses you.
The black bear closely misses you. x2; The black bear misses you.
You claw the black bear!
The black bear is almost dead.
The black bear misses you. The black bear claws you.
* * * LOW HITPOINT WARNING * * *
The black bear barely misses you. The black bear bites you.
* * * LOW HITPOINT WARNING * * *
The black bear claws you but does no damage.
The black bear claws you.
* * * LOW HITPOINT WARNING * * *
You closely miss the black bear.
The black bear is almost dead.
The black bear bites you.
You die...

#### ### #.. ..# ###..#
#.# #.# .....#
##.#####.#####.# ###..<.##
.............o.# #.......#
...........##h.###.......#
..######.#.##.@##.....<..#
#....#..#........#######
#.......................
#....#..#.....#.......§§
#.......##)..##...≈§§≈§§
######.####.###.§.≈≈≈≈≈§
#.# #.# #...§§.⌠≈≈
#.####.###...≈≈§>§§
#............§≈≈§§§


You could see a black bear (berserk) and an orc.

Vanquished Creatures
  A jelly (D:5)
  2 gnolls (D:3)
  An adder (D:3)
  An adder skeleton (D:4)
  4 dart slugs
  2 ball pythons (D:4)
  10 endoplasms
  A giant cockroach (D:2)
  4 goblins
  5 hobgoblins
  11 jackals
  6 kobolds
  5 bats
  3 frilled lizards
  A rat (D:2)
57 creatures vanquished.

Notes
Turn   | Place    | Note
-------+----------+-------------------------------------------
     0 | D:1      | siradein the Troll Hunter began the quest for the Orb.
     0 | D:1      | Reached XP level 1. HP: 19/19 MP: 0/0
   176 | D:1      | Reached XP level 2. HP: 28/28 MP: 1/1
   924 | D:2      | Reached skill level 1 in Unarmed Combat
  1119 | D:2      | Found an ancient bone altar of Kikubaaqudgha.
  1136 | D:2      | Reached XP level 3. HP: 35/35 MP: 2/2
  1746 | D:3      | Found a faded altar of an unknown god.
  1770 | D:3      | Reached skill level 4 in Throwing
  2402 | D:3      | Noticed a gnoll sergeant
  2408 | D:3      | Reached XP level 4. HP: 35/42 MP: 3/3
  2670 | D:4      | Found Seleff's Book Boutique.
  3221 | D:5      | Entered Level 5 of the Dungeon
  3245 | D:5      | Found a hide-covered altar of Uskayaw.
  3314 | D:5      | Noticed a black bear
  3337 | D:5      | HP: 1/44 [black bear (5)]
  3338 | D:5      | Slain by a black bear

Illustrated notes

Levels and vault maps discovered:
D:1:      lemuel_arrival_behind_the_door_small, layout_loops_cross
D:2:      layout_loops_ring, basic_altar
D:3:      layout_basic, chequers_ecumenical_altar_simple
D:4:      layout_loops_ring, serial_shops, kennysheep_little_box,
          grunt_ministairs_8
D:5:      layout_loops_ring, general_overflow_altar, uniq_duvessa

Skill      XL: |  1  2  3  4 |
---------------+-------------+-----
Unarmed Combat | 1 2 |  2.1
Dodging        | 2 |  2.4
Fighting       | 2 |  2.4
Throwing       | 4 |  4.2
Stealth        | |  0.3

Action                   |  1- 3 |  4- 6 || total
-------------------------+-------+-------++-------
Melee: Short sword       |    47 |       ||    47
       Unarmed           |    78 |    52 ||   130
 Stab: Sleeping          |       |     3 ||     3
Armor: Robe              |    58 |    16 ||    74
Dodge: Dodged            |    86 |    42 ||   128

Table legend: (Time is in decaauts)
 A = Elapsed time spent in this place.
 B = Non-inter-level travel time spent in this place.
 C = Inter-level travel time spent in this place.
 D = Time resting spent in this place.
 E = Time spent auto-exploring this place.
 F = Levels seen in this place.
 G = Mean time per level.
                   A        B        C        D        E       F      G
               +--------+--------+--------+--------+--------+-----+--------+
         Total |   3335 |   3086 |    249 |      0 |   2605 |   5 |  667.0 |
       Dungeon |   3335 |   3086 |    249 |      0 |   2605 |   5 |  667.0 |
               +--------+--------+--------+--------+--------+-----+--------+

Top non-repeatable levels by time:
     D:2: 878 daAuts
     D:1: 842 daAuts
     D:4: 755 daAuts
     D:3: 742 daAuts
     D:5: 116 daAuts
